 Dungeon Crawl Stone Soup version 0.30-a0-782-ge64f9170bb (webtiles) character file.

Game seed: 14069685754839600432

15781 senseless the Fighter (level 12, -11/119 HPs)
             Began as a Demonspawn Fighter on Mar 13, 2023.
             Was a High Priest of Okawaru.
             Mangled by an enormous slime creature (26 damage)
             ... on level 12 of the Dungeon.
             The game lasted 00:38:52 (12518 turns).

senseless the Fighter (Demonspawn Fighter)         Turns: 12518, Time: 00:38:52

Health: -11/119    AC: 28    Str: 38    XL:     12   Next: 4%
Magic:  5/5        EV: 10    Int:  6    God:    Okawaru [*****.]
Gold:   193        SH: 11    Dex: 18    Spells: 11/11 levels left

rFire   + . .      SeeInvis +    a - +10 quick blade of the Coward {antimagic, rF+ Str+3}
rCold   . . .      Faith    .    x - +0 kite shield
rNeg    . . .      Spirit   .    C - +4 plate armour
rPois   +          Reflect  .    D - +2 helmet of the Iron City of Dis {Str+4 Slay+5 Stlth-}
rElec   .          Harm     .    m - +0 cloak
rCorr   .          Rampage  .    A - +2 pair of gloves {hurl}
Will    .....                    (no boots) Stlth
                                 K - amulet of regeneration
HPRegen 1.19/turn                u - +6 ring of strength
MPRegen 0.09/turn                F - ring "Jeogua" {Fly rPois Str+5 Int-2 SInv}

@: flying
A: rugged brown scales 3, powered by death 2, demonic magic 2, agile 1, poison
resistance, robust 1, MP-powered wands
a: Renounce Religion, Heroism, Finesse, Duel


You were on level 12 of the Dungeon.
You worshipped Okawaru.
Okawaru was extremely pleased with you.
You visited 1 branch of the dungeon, and saw 12 of its levels.

You collected 613 gold pieces.
You spent 420 gold pieces at shops.

Inventory:

Hand Weapons
 a - the +10 quick blade of the Coward (weapon) {antimagic, rF+ Str+3}
   (You acquired it on level 10 of the Dungeon)

   Str:       It affects your strength (+3).
   rF:        It protects you from fire.
 b - a +0 sling
 q - the +7 Throatcutter {drain, coup de grace}
   (You found it on level 9 of the Dungeon)
 B - a +4 heavy flail
Armour
 i - the +6 leather armour "Vocra" {rPois}
   (You found it on level 2 of the Dungeon)

   rPois:     It protects you from poison.
 m - a +0 cloak (worn)
 n - the +7 leather armour of Pride {rF++ Str+3 Stlth+}
   (You found it on level 11 of the Dungeon)

   Str:       It affects your strength (+3).
   rF:        It greatly protects you from fire.
   Stlth:     It makes you more stealthy.
 x - a +0 kite shield (worn)
 A - a +2 pair of gloves of hurling (worn)
 C - a +4 plate armour (worn)
 D - the +2 helmet of the Iron City of Dis (worn) {Str+4 Slay+5 Stlth-}
   (You acquired it on level 10 of the Dungeon)

   Str:       It affects your strength (+4).
   Slay:      It affects your accuracy & damage with ranged weapons and melee
   (+5).
   Stlth:     It makes you less stealthy.
Jewellery
 f - a ring of fire
 u - a +6 ring of strength (left hand)
 v - a ring of magical power
 y - a ring of protection from cold
 F - the ring "Jeogua" (right hand) {Fly rPois Str+5 Int-2 SInv}
   (You acquired it on level 10 of the Dungeon)

   [ring of see invisible]

   Str:       It affects your strength (+5).
   Int:       It affects your intelligence (-2).
   rPois:     It protects you from poison.
   SInv:      It lets you see invisible.
   Fly:       It grants you flight.
 H - a ring of flight
 I - a ring of fire
 K - an amulet of regeneration (around neck)
Wands
 c - a wand of paralysis (7)
 e - a wand of light (8)
 k - a wand of flame (24)
 p - a wand of mindburst (17)
 E - a wand of iceblast (8)
Scrolls
 j - 3 scrolls of identify
 t - 3 scrolls of amnesia
 w - a scroll of magic mapping
 J - a scroll of fog
 L - 2 scrolls of teleportation
Potions
 d - 2 potions of might
 g - 4 potions of curing
 h - a potion of lignification
 l - 3 potions of flight
 o - a potion of heal wounds
 r - 2 potions of brilliance
 s - 3 potions of mutation
 z - a potion of attraction
 G - 2 potions of haste


   Skills:
 + Level 12.0 Fighting
 + Level 3.3(4.1) Short Blades
 - Level 3.4(4.1) Long Blades
 - Level 6.9 Maces & Flails
 + Level 7.1 Armour
 - Level 4.7 Dodging
 + Level 8.6 Shields
 + Level 5.0 Invocations


You had 11 spell levels left.
You didn't know any spells.
Your spell library contained the following spells:

 Spells                   Type           Power      Damage    Failure   Level
 Magic Dart               Conj           0%         1d3       100%        1
 Necrotise                Necr           0%         1d4       100%        1
 Ensorcelled Hibernation  Hex/Ice        0%         N/A       100%        2
 Passwall                 Tmut/Erth      0%         N/A       100%        2
 Hailstorm                Conj/Ice       0%         3d3       100%        3
 Mephitic Cloud           Conj/Pois/Air  0%         N/A       100%        3
 Swiftness                Air            0%         N/A       100%        3
 Vampiric Draining        Necr           0%         2d6       100%        3
 Ice Form                 Ice/Tmut       0%         N/A       100%        4
 Agony                    Necr           0%         N/A       100%        5
 Call Imp                 Summ           Unusable   N/A       N/A         2
 Animate Dead             Necr           Unusable   N/A       N/A         4
 Simulacrum               Ice/Necr       Unusable   N/A       N/A         6
 Haunt                    Necr/Summ      Unusable   N/A       N/A         7
 Infestation              Necr           Unusable   N/A       N/A         8

Dungeon Overview and Level Annotations

Branches:
Dungeon (12/15)            Temple (0/1) D:6            Lair (0/5) D:8
    Orc: D:9-12

Altars:
Ashenzari
Dithmenos
Hepliaklqana
Makhleb
Nemelex Xobeh
Okawaru
Qazlal
Trog
Wu Jian
Xom

Shops:
D:1 !   D:6 (=:   D:11 (


Innate Abilities, Weirdness & Mutations

You are completely covered in rugged brown scales. (AC +3, +7% HP)
You regenerate health from kills.
Spells you cast may paralyse nearby enemies.
You are agile. (Dex +4, Str/Int -1)
Your system is resistant to poisons. (rPois)
You are robust. (+10% HP)
You expend magic power (3 MP) to strengthen your wands.


Message History

You block the enormous slime creature's attack.
You puncture the enormous slime creature!
The enormous slime creature is severely wounded.
The enormous slime creature hits you!!
You hit the enormous slime creature.
The enormous slime creature is severely wounded.
You hit the enormous slime creature.
The enormous slime creature is severely wounded.
The enormous slime creature hits you.
You hit the enormous slime creature.
The enormous slime creature is severely wounded.
You puncture the enormous slime creature!
The enormous slime creature is severely wounded.
The enormous slime creature hits you but does no damage.
You puncture the enormous slime creature!
The enormous slime creature is almost dead.
The enormous slime creature hits you!!!
Ouch! That really hurt!
* * * LOW HITPOINT WARNING * * *
You are too injured to fight recklessly!
You are too injured to fight recklessly!
You are too injured to fight recklessly!
You are too injured to fight recklessly!
You are too injured to fight recklessly!
You are too injured to fight recklessly!
You are too injured to fight recklessly!
You are too injured to fight recklessly!
You are too injured to fight recklessly!
You are too injured to fight recklessly!
You feel much better. The enormous slime creature hits you!!
* * * LOW HITPOINT WARNING * * *
You puncture the enormous slime creature!
The enormous slime creature is almost dead.
You hit the enormous slime creature.
The enormous slime creature is almost dead.
You block the enormous slime creature's attack.
You puncture the enormous slime creature!
The enormous slime creature is almost dead.
The enormous slime creature hits you!!
You die...

#. ###. ...##.#..
....#.... ######
.........##.... #
........##...#### .##
............##..##...##
##..........)..=@J....#
.#.........)##$.##....#
........##...#### ....#
.........##...... #..#
.....#.##.#+##### .#
......#..## .
......#.## ........#
........#


You could see an enormous slime creature.

Vanquished Creatures
  Josephine (D:11)
  A boulder beetle (D:11)
  2 two-headed ogres
  A cyclops (D:11)
  A manticore (D:11)
  2 gargoyles
  An unseen horror (D:11)
  Psyche (D:11)
  3 kobold demonologists
  2 hornets
  Sigmund (D:2)
  4 slime creatures (D:12)
  A vampire (D:12)
  A shadow (D:9)
  4 wraiths
  23 yaks
  A wyvern (D:11)
  A steam dragon (D:9)
  Edmund (D:6)
  Menkaure (D:7)
  A warg (D:8)
  2 water moccasins
  8 orc warriors
  A sky beast (D:7)
  2 black bears
  An ice beast (D:6)
  6 centaurs
  4 ogres
  2 kobold brigands (D:9)
  2 bullfrogs
  3 necrophages
  A gnoll sergeant (D:9)
  3 scorpions
  4 wights (D:8)
  9 killer bees (D:10)
  Crazy Yiuf (D:2)
  2 hounds
  A jelly (D:5)
  11 orc priests
  2 gnoll boudas
  2 iguanas (D:5)
  Terence (D:2)
  Natasha (thrice) (D:2)
  8 orc wizards
  Robin (D:2)
  20 gnolls
  6 adders
  A white imp (D:6)
  An ufetubus (D:5)
  4 dart slugs
  43 orcs
  2 ball pythons (D:1)
  9 endoplasms
  4 giant cockroaches
  13 goblins
  13 hobgoblins
  4 jackals (D:3)
  5 quokkas
  9 bats
  A frilled lizard (D:1)
  9 kobolds
  4 rats (D:1)
  A spectral hobgoblin (D:4)
283 creatures vanquished.

Notes
Turn   | Place    | Note
-------+----------+-------------------------------------------
     0 | D:1      | senseless the Demonspawn Fighter began the quest for the
                  | Orb.
     0 | D:1      | Reached XP level 1. HP: 18/18 MP: 1/1
    80 | D:1      | Found Naonwul's Distillery.
   144 | D:1      | Gained mutation: You are partially covered in rugged brown
                  | scales. (AC +1, +3% HP) [demonic ancestry]
   144 | D:1      | Reached XP level 2. HP: 18/24 MP: 2/2
   488 | D:1      | Gained mutation: You regenerate a little health from kills.
                  | [demonic ancestry]
   488 | D:1      | Reached XP level 3. HP: 29/29 MP: 3/3
   912 | D:2      | Noticed Terence
   920 | D:2      | Killed Terence
   923 | D:2      | Reached XP level 4. HP: 7/38 MP: 4/4
   924 | D:2      | Noticed Natasha
   934 | D:2      | Killed Natasha
   935 | D:2      | Reached skill level 4 in Fighting
  1116 | D:2      | Found a runed translucent door.
  1117 | D:2      | Noticed Crazy Yiuf
  1287 | D:2      | Found a sparkling altar of Nemelex Xobeh.
  1290 | D:2      | Identified the +6 leather armour "Vocra" {rPois}
  1413 | D:2      | Noticed Sigmund
  1423 | D:2      | Killed Sigmund
  1424 | D:2      | Reached skill level 1 in Dodging
  1424 | D:2      | Gained mutation: You regenerate health from kills. [demonic
                  | ancestry]
  1424 | D:2      | Reached XP level 5. HP: 28/44 MP: 5/5
  1425 | D:2      | Gained mutation: Spells you cast may paralyse adjacent
                  | enemies. [demonic ancestry]
  1425 | D:2      | Reached XP level 6. HP: 36/51 MP: 6/6
  1460 | D:2      | Noticed Robin
  1467 | D:2      | Noticed Natasha
  1468 | D:2      | Killed Robin
  1475 | D:2      | Killed Natasha
  1476 | D:2      | Reached skill level 5 in Fighting
  1589 | D:2      | Noticed Natasha
  1599 | D:2      | Killed Natasha
  1935 | D:2      | Killed Crazy Yiuf
  2408 | D:3      | Reached XP level 7. HP: 57/57 MP: 7/7
  2991 | D:4      | Reached skill level 6 in Fighting
  3318 | D:4      | Found a hazy altar of Hepliaklqana.
  3484 | D:5      | Entered Level 5 of the Dungeon
  3928 | D:5      | Reached XP level 8. HP: 65/66 MP: 8/8
  4087 | D:5      | Found an iron altar of Okawaru.
  4093 | D:5      | Became a worshipper of Warmaster Okawaru
  4240 | D:5      | Found a broken altar of Ashenzari.
  4242 | D:5      | Found a stormy altar of Qazlal.
  4399 | D:6      | Found a staircase to the Ecumenical Temple.
  4468 | D:5      | Reached skill level 7 in Fighting
  4623 | D:6      | Reached skill level 5 in Shields
  4633 | D:6      | Gained mutation: Your system is resistant to poisons.
                  | (rPois) [potion of mutation]
  4633 | D:6      | Gained mutation: You are robust. (+10% HP) [potion of
                  | mutation]
  4633 | D:6      | Gained mutation: You expend magic power (3 MP) to
                  | strengthen your wands. [potion of mutation]
  4633 | D:6      | Gained mutation: You are agile. (Dex +4, Str/Int -1)
                  | [potion of mutation]
  4678 | D:6      | Found a bloodstained altar of Trog.
  4702 | D:6      | Found Apiovuugy's Jewellery Emporium.
  4720 | D:6      | Noticed Edmund
  4739 | D:6      | Killed Edmund
  4890 | D:6      | Reached * piety under Okawaru
  4911 | D:6      | Found Ogeicept's Weapon Emporium.
  4999 | D:6      | Identified a scroll of acquirement
  4999 | D:6      | Acquired a +2 pair of gloves of hurling
  5082 | D:6      | Found Cilecats's Book Shop.
  5239 | D:6      | Reached skill level 8 in Fighting
  5462 | D:7      | Noticed Menkaure
  5467 | D:7      | Killed Menkaure
  5468 | D:7      | Reached skill level 5 in Maces & Flails
  5468 | D:7      | Gained mutation: Spells you cast may paralyse nearby
                  | enemies. [demonic ancestry]
  5468 | D:7      | Reached XP level 9. HP: 74/83 MP: 9/9
  5761 | D:7      | Reached ** piety under Okawaru
  6065 | D:7      | Found an ornate altar of the Wu Jian Council.
  6065 | D:7      | Found a shimmering altar of Xom.
  6566 | D:8      | Noticed a two-headed ogre
  6572 | D:8      | HP: 1/84 [two-headed ogre/+0 giant club (9)]
  6589 | D:7      | Killed a two-headed ogre
  6590 | D:7      | Reached skill level 9 in Fighting
  6819 | D:8      | Found a staircase to the Lair.
  6843 | D:8      | Reached *** piety under Okawaru
  7097 | D:8      | Gained mutation: You are mostly covered in rugged brown
                  | scales. (AC +2, +5% HP) [demonic ancestry]
  7097 | D:8      | Reached XP level 10. HP: 88/96 MP: 10/10
  7160 | D:8      | Found a sparkling altar of Nemelex Xobeh.
  7496 | D:8      | Found a burning altar of Makhleb.
  7959 | D:8      | Reached skill level 10 in Fighting
  8274 | D:9      | Found a shadowy altar of Dithmenos.
  8292 | D:9      | Reached **** piety under Okawaru
  8292 | D:9      | Noticed a gargoyle
  8300 | D:9      | Killed a gargoyle
  8301 | D:9      | Reached skill level 5 in Armour
  8527 | D:9      | Found the +7 Throatcutter {drain, coup de grace}
  8528 | D:9      | Noticed a rust devil
  8989 | D:9      | Reached skill level 11 in Fighting
  9239 | D:9      | Reached skill level 1 in Long Blades
  9287 | D:9      | Reached ***** piety under Okawaru
  9408 | D:9      | Reached XP level 11. HP: 106/106 MP: 11/11
  9653 | D:10     | Entered Level 10 of the Dungeon
  9770 | D:10     | Noticed a two-headed ogre
  9782 | D:10     | Killed a two-headed ogre
  9782 | D:10     | Received a gift from Okawaru
 10165 | D:10     | Acquired the +2 helmet of the Iron City of Dis {Str+4
                  | Slay+5 Stlth-}
 10177 | D:10     | Acquired the +10 quick blade of the Coward {antimagic, rF+
                  | Str+3}
 10178 | D:10     | Acquired the ring "Jeogua" {Fly rPois Str+5 Int-2 SInv}
 11119 | D:6      | Bought an amulet of regeneration for 420 gold pieces
 11309 | D:11     | Found Ompopipa's Antique Weapon Shoppe.
 11333 | D:11     | Noticed Psyche
 11340 | D:11     | Killed Psyche
 11366 | D:11     | Noticed Josephine
 11376 | D:11     | Killed Josephine
 11377 | D:11     | Reached skill level 1 in Short Blades
 11377 | D:11     | Reached skill level 1 in Invocations
 11493 | D:11     | Identified the +7 leather armour of Pride {rF++ Str+3
                  | Stlth+}
 11733 | D:11     | Noticed a boulder beetle
 11762 | D:11     | Killed a boulder beetle
 12107 | D:11     | Received a gift from Okawaru
 12420 | D:12     | Gained mutation: You are completely covered in rugged brown
                  | scales. (AC +3, +7% HP) [demonic ancestry]
 12420 | D:12     | Reached XP level 12. HP: 92/119 MP: 5/15
 12428 | D:12     | Reached skill level 12 in Fighting
 12435 | D:12     | Reached skill level 5 in Invocations
 12456 | D:12     | Received a gift from Okawaru
 12518 | D:12     | Mangled by an enormous slime creature

Illustrated notes

Levels and vault maps discovered:
D:1:      psy_arrival_wood_between_worlds, layout_basic, serial_shops,
          nicolae_diamond_shop
D:2:      layout_loops_ring, basic_altar, minmay_stone_trees_small,
          corexii_hall_statues_l, st_stairs_13, minmay_misc_feat_encased,
          uniq_sigmund, uniq_robin, uniq_terence, uniq_crazy_yiuf_cottage,
          uniq_natasha
D:3:      layout_rooms
D:4:      layout_cave_pods, nicolae_hepliaklqana_monster_ancestors,
          elyvilon_altar_3
D:5:      layout_gridville, nicolae_overflow_hidden_temple, lemuel_round_altar
D:6:      layout_cave_pools, mainiacjoe_overflow_cross_hatched,
          minmay_temple_entry_butterflies, serial_shops, kennysheep_mini,
          nicolae_inconvenience_store, nicolae_shop_bloodbath_and_beyond,
          minivault_5, columned_hall_lemuel, corexii_shack, uniq_edmund
D:7:      layout_basic, gammafunk_temple_overflow_elements, uniq_menkaure
D:8:      layout_basic, mainiacjoe_overflow_alcove_2,
          mainiacjoe_overflow_chevrons, erik_lair_orcish_takeover,
          serial_corexii_hall, chequers_hall_statues_wall_a,
          corexii_hall_statues_l
D:9:      layout_basic, mainiacjoe_overflow_concentric_impassable,
          dilly_guarded_unrand_throatcut
D:10:     layout_stronghold, kennysheep_mini_moat
D:11:     layout_roguey, serial_shops, nicolae_shop_crystal,
          kennysheep_generic_room_7, uniq_psyche, uniq_josephine
D:12:     layout_cave_pools, david_orc_1_choice

Skill      XL: |  1  2  3  4  5  6  7  8  9 10 11 12 |
---------------+-------------------------------------+-----
Maces & Flails | 2 3 4 5 6 |  6.9
Shields        | 3 4 5 6 7 8 |  8.6
Armour         | 3 4 5 7 |  7.1
Fighting       | 4 5 6 8 9 11 12 | 12.0
Dodging        | 1 2 3 4 |  4.7
Long Blades    | 1 3 |  3.4
Short Blades   | 3 |  3.3
Invocations    | 4 5 |  5.0

Action                     |  1- 3 |  4- 6 |  7- 9 | 10-12 || total
---------------------------+-------+-------+-------+-------++-------
  Melee: Flail             |    93 |    14 |   388 |   123 ||   618
         Mace              |       |   127 |       |       ||   127
         Long sword        |       |       |       |    84 ||    84
         Quick blade       |       |       |       |   350 ||   350
   Fire: Sling             |       |       |    60 |     2 ||    62
    Use: Potion            |     1 |     1 |     3 |     2 ||     7
         Scroll            |     1 |       |    18 |     8 ||    27
   Stab: Sleeping          |       |       |     1 |       ||     1
 Armour: Scale mail        |    64 |     3 |       |       ||    67
         Leather armour    |       |    81 |   194 |       ||   275
         Plate armour      |       |       |    83 |   331 ||   414
  Dodge: Dodged            |    43 |   100 |   291 |   188 ||   622
  Block: Buckler           |    18 |    52 |   135 |    84 ||   289
         Kite shield       |       |       |       |   206 ||   206

Table legend: (Time is in decaauts)
 A = Elapsed time spent in this place.
 B = Non-inter-level travel time spent in this place.
 C = Inter-level travel time spent in this place.
 D = Time resting spent in this place.
 E = Time spent auto-exploring this place.
 F = Levels seen in this place.
 G = Mean time per level.
                   A        B        C        D        E       F      G
               +--------+--------+--------+--------+--------+-----+--------+
         Total |  12764 |  11399 |   1365 |   1296 |   7511 |  12 | 1063.7 |
       Dungeon |  12764 |  11399 |   1365 |   1296 |   7511 |  12 | 1063.7 |
               +--------+--------+--------+--------+--------+-----+--------+

Top non-repeatable levels by time:
     D:8: 1795 daAuts
     D:7: 1564 daAuts
    D:10: 1330 daAuts
     D:2: 1259 daAuts
     D:9: 1241 daAuts
     D:6: 1114 daAuts
     D:4: 1060 daAuts
    D:11: 1020 daAuts
     D:1: 942 daAuts
     D:5: 859 daAuts
     D:3: 484 daAuts
    D:12: 93 daAuts
